 Dungeon Crawl Stone Soup version 0.30.1-3-gfc49f6343a (webtiles) character file.

Game seed: 17211127517962568242

3248 croobank the Covert (level 9, -9/43 HPs)
             Began as a Felid Delver on July 23, 2023.
             Was an Initiate of Gozag.
             Mangled by a death yak (22 damage)
             ... led by a torpor snail
             ... on level 8 of the Dungeon.
             The game lasted 01:26:03 (15154 turns).

croobank the Covert (Felid Delver)                 Turns: 15154, Time: 01:26:04

Health: -9/43      AC:  2    Str:  8    XL:     9   Next: 67%
Magic:  4/18       EV: 26    Int: 18    God:    Gozag
Gold:   187        SH:  0    Dex: 24    Spells: 2/18 levels left
                                        Lives:  0   Deaths: 2

rFire   . .          .
                       - Unarmed
rCold   + . .        (shield unavailable)
rNeg    . . .        (body armour unavailable)
rPois   +            (helmet unavailable)
rElec   .            (cloak unavailable)
rCorr   .            (gloves unavailable)
SInv    +            (boots unavailable)
Will    +....        (no amulet)
Stlth   +++++        m - ring of Pufyetul {+Blink rPois rC+ Int+2 Dex+6}
HPRegen 0.27/turn    j - ring of wizardry
MPRegen 0.16/turn

%: wizardry (x1)
@: quick
A: very small, claws 1, fangs 3, see invisible, speed 1, shaggy fur 2, stealthy
paws, no weapons or thrown items, no armour, multi-lived
a: Renounce Religion, Evoke Blink, Potion Petition, Call Merchant, Bribe Branch


You were on level 8 of the Dungeon.
You worshipped Gozag.
Gozag was aware of your devotion.
You visited 3 branches of the dungeon, and saw 12 of its levels.

You collected 2030 gold pieces.
You spent 1066 gold pieces at shops.
You paid 777 gold pieces to Gozag.

Inventory:

Jewellery
 g - a ring of resist corrosion
 j - a ring of wizardry (right paw)
 m - the ring of Pufyetul (left paw) {+Blink rPois rC+ Int+2 Dex+6}
   (You acquired it on level 6 of the Dungeon)

   [ring of dexterity]

   Int:       It affects your intelligence (+2).
   Dex:       It affects your dexterity (+6).
   rC:        It protects you from cold.
   rPois:     It protects you from poison.
   +Blink:    It lets you blink.
Wands
 i - a wand of flame (2)
Scrolls
 a - 2 scrolls of fog
 b - 2 scrolls of enchant weapon
 c - a scroll of torment
 n - 5 scrolls of teleportation
 p - a scroll of identify
 q - a scroll of magic mapping
 t - a scroll of noise
 u - a scroll of amnesia
 v - a scroll of butterflies
Potions
 e - a potion of mutation
 f - 4 potions of curing
 h - 3 potions of attraction
 k - 3 potions of lignification
 l - 4 potions of brilliance
 o - a potion of ambrosia
 r - a potion of invisibility
 s - a potion of flight


   Skills:
 - Level 7.4 Fighting
 - Level 9.3 Dodging
 - Level 11.6 Stealth
 - Level 7.1 Unarmed Combat
 - Level 5.3 Spellcasting
 * Level 4.4 Conjurations
 - Level 6.8 Hexes
 + Level 4.2 Translocations
 * Level 4.9 Air Magic


You had 2 spell levels left.
You knew the following spells:

 Your Spells              Type           Power      Damage    Failure   Level
a - Tukima's Dance        Hex            29%        N/A       1%          3
b - Fulminant Prism       Conj/Hex       12%        3d8       5%          4
c - Iskenderun's Mystic   Conj/Tloc      20%        2d6       9%          4
d - Arcjolt               Conj/Air       10%        1d20      21%         5

Your spell library contained the following spells:

 Spells                   Type           Power      Damage    Failure   Level
 Vhi's Electric Charge    Tloc/Air       42%        N/A       2%          3
 Volatile Blastmotes      Fire/Tloc      24%        2d12      6%          3
 Summon Lightning Spire   Summ/Air       13%        N/A       19%         4
 Blade Hands              Tmut           2%         N/A       77%         5
 Lee's Rapid Deconstruct  Erth           2%         3d4*      77%         5
 Storm Form               Tmut/Air       6%         N/A       100%        7
 Maxwell's Capacitive Co  Air            11%        ∞         100%        8
 Portal Projectile        Hex/Tloc       Unusable   N/A       N/A         3

Dungeon Overview and Level Annotations

Branches:
Dungeon (10/15)            Temple (1/1) D:6            Lair (1/5) D:8
    Orc (0/2) D:9

Altars:
Cheibriados
Elyvilon
Fedhas
Gozag
Hepliaklqana
Kikubaaqudgha
Makhleb
Nemelex Xobeh
Okawaru
Ru
Sif Muna
Trog
Uskayaw
Vehumet
Wu Jian
Xom
Yredelemnul
Zin
The Shining One

Shops:
D:8 :

Annotations:
D:3 3 runed translucent doors, growler's ghost, weakling DsGl
D:5 1 runed translucent door, Blork the orc
D:7 3 runed translucent doors, ShellytheWitch's ghost, novice MiBe; Wiggles's ghost, novice MiBe; spardeous's ghost, novice FeEE
D:9 3 runed translucent doors, javelincjr's ghost, novice DsFi
Temple 2 transporters


Innate Abilities, Weirdness & Mutations

You have sharp claws.
You have razor-sharp teeth.
You have supernaturally acute eyesight. (SInv)
You cover ground quickly. (Speed+)
You are covered in thick fur. (AC +2)
Your paws help you pounce on unaware monsters.
You are incapable of wielding weapons or throwing items.
You cannot wear armour.
You gain extra lives every three experience levels.


Message History

Press: ? - help, Dir - move target You conjure a prism of explosive energy!
A fulminant prism comes into view.
Your fulminant prism explodes!
The blast of energy engulfs the death yak but does no damage.
Your fulminant prism crackles loudly.
Your fulminant prism explodes!
The blast of energy engulfs the death yak!
The death yak is lightly wounded.
Casting: Fulminant Prism (dangerous; 5% risk of failure)
Confirm with . or Enter, or press ? or * to list all spells.
Aiming: Fulminant Prism (dangerous; 5% risk of failure)
Press: ? - help, Dir - move target You conjure a prism of explosive energy!
A fulminant prism comes into view.
Casting: Fulminant Prism (dangerous; 5% risk of failure)
Confirm with . or Enter, or press ? or * to list all spells.
You don't have enough magic to cast this spell.
Okay, then.
Casting: Fulminant Prism (dangerous; 5% risk of failure)
Confirm with . or Enter, or press ? or * to list all spells.
Okay, then.
You barely miss the death yak.
The death yak is lightly wounded.
The death yak gores you!
You scratch the death yak but do no damage.
The death yak is lightly wounded.
Your fulminant prism crackles loudly.
You scratch the death yak but do no damage.
The death yak is lightly wounded.
The death yak gores you!!
Ouch! That really hurt!
* * * LOW HITPOINT WARNING * * *
Your fulminant prism explodes!
The blast of energy engulfs the death yak!
The death yak is moderately wounded.
The death yak gores you!!
Ouch! That really hurt!
You die...
Your body crumbles into a pile of gold.

..##........##..##..)))#
.###........##...#..)))###
.......#.##......#)_)))))#
######...........#######)##
.# ####.#.......<.......)##
.##
#....##[.........#####)##
..###.##.............#
##.##
#.#......##....Y.....#
##.##
....#.#####.....@....#
##.## ......# #..........#
##.## ....### ############
##.# ...## ### ...# ...#
...# ####


You could see a death yak.

Vanquished Creatures
  Harold (D:9)
  A two-headed ogre (D:6)
  A torpor snail (D:8)
  A troll (D:9)
  A hornet (D:9)
  Prince Ribbit (D:6)
  Sigmund (D:2)
  11 yaks
  A wyvern (D:8)
  A steam dragon (D:7)
  A dancing weapon (D:8)
  2 wargs (D:9)
  A water moccasin (D:8)
  2 sky beasts (D:7)
  4 orc warriors
  5 ice beasts
  An ogre (D:8)
  3 centaurs
  3 phantoms (D:6)
  A kobold brigand (D:9)
  3 bullfrogs
  2 gnoll sergeants (D:6)
  12 scorpions
  10 wights
  3 killer bees (D:8)
  2 howler monkeys
  6 orc priests
  A hound (D:5)
  A jelly (D:6)
  2 gnoll boudas (D:6)
  3 sleepcaps
  2 iguanas
  11 orc wizards
  17 gnolls
  9 adders
  An ufetubus (D:6)
  4 worms
  4 dart slugs
  40 orcs
  6 ball pythons
  6 endoplasms
  10 giant cockroaches
  6 goblins
  5 hobgoblins
  7 jackals
  7 quokkas
  7 bats
  A frilled lizard (D:3)
  11 kobolds
  9 rats
  A butterfly (D:5)
  2 fulminant prisms
254 creatures vanquished.

Vanquished Creatures (collateral kills)
  An orc warrior (D:9)
  4 wights
  An orc priest (D:6)
  A gnoll (D:6)
  9 orcs
16 creatures vanquished.

Vanquished Creatures (others)
  33 dancing weapons
  An orc (D:10)
  40 fulminant prisms
74 creatures vanquished.

Grand Total: 344 creatures vanquished

Notes
Turn   | Place    | Note
-------+----------+-------------------------------------------
     0 | D:5      | croobank the Felid Delver began the quest for the Orb.
     0 | D:5      | Reached XP level 1. HP: 10/10 MP: 2/2
    40 | D:6      | Noticed an orc priest
    81 | D:6      | Noticed a gnoll bouda
    93 | D:4      | Reached XP level 2. HP: 14/14 MP: 3/3
   187 | D:3      | Noticed a centaur
   281 | D:2      | Reached skill level 7 in Stealth
   281 | D:2      | Reached XP level 3. HP: 17/17 MP: 4/4
   530 | D:1      | Found a faded altar of an unknown god.
  1124 | D:2      | Reached XP level 4. HP: 21/21 MP: 5/5
  1675 | D:2      | Noticed Sigmund
  1677 | D:2      | Killed Sigmund
  1678 | D:2      | Reached XP level 5. HP: 25/25 MP: 6/6
  1678 | D:2      | Gained mutation: You are covered in thick fur. (AC +2)
                  | [Felid growth]
  1678 | D:2      | Reached XP level 6. HP: 28/28 MP: 7/7
  2103 | D:3      | Found a glowing golden altar of the Shining One.
  2103 | D:3      | Found a shimmering blue altar of Sif Muna.
  2173 | D:3      | Found a runed translucent gate.
  2173 | D:3      | Found a runed translucent gate.
  2174 | D:3      | Found a runed translucent gate.
  2175 | D:3      | Found an opulent altar of Gozag.
  2176 | D:3      | Noticed growler's ghost (weakling DsGl)
  2285 | D:3      | Reached skill level 8 in Stealth
  2389 | D:3      | Identified the +0 long sword of the Turnip {elec, rC+ Will+
                  | Str+4 Dex-2}
  2485 | D:3      | Learned a level 3 spell: Tukima's Dance
  2532 | D:3      | Reached skill level 5 in Dodging
  3511 | D:4      | Noticed an ice beast
  3514 | D:4      | Killed an ice beast
  3515 | D:4      | Reached XP level 7. HP: 33/33 MP: 8/8
  3719 | D:6      | Found a hazy altar of Hepliaklqana.
  3732 | D:6      | Found a staircase to the Ecumenical Temple.
  3742 | Temple   | Entered the Ecumenical Temple
  3742 | Temple   | Found a transporter.
  3742 | Temple   | Found a transporter.
  3744 | Temple   | Found a transporter.
  3744 | Temple   | Found a transporter.
  3758 | Temple   | Became a worshipper of Gozag Ym Sagoz the Greedy
  4020 | D:4      | Reached skill level 5 in Fighting
  4057 | D:5      | Reached skill level 9 in Stealth
  4108 | D:5      | Found a runed translucent door.
  4110 | D:5      | Found a runed translucent door.
  4555 | D:5      | Reached skill level 5 in Unarmed Combat
  4555 | D:5      | Reached XP level 8. HP: 21/37 MP: 9/9
  5501 | D:5      | Reached skill level 10 in Stealth
  5745 | D:5      | Noticed Blork the orc
  6194 | D:7      | Reached XP level 9. HP: 36/42 MP: 10/10
  6278 | D:7      | Found a basalt altar of Yredelemnul.
  6324 | D:7      | Reached skill level 1 in Spellcasting
  6781 | D:6      | Reached skill level 5 in Hexes
  6809 | D:6      | Noticed Prince Ribbit
  6861 | D:6      | Killed Prince Ribbit
  7852 | D:6      | Noticed a two-headed ogre
  7881 | D:6      | Killed a two-headed ogre
  7882 | D:6      | Reached skill level 11 in Stealth
  7882 | D:6      | Reached XP level 10. HP: 39/46 MP: 10/18
  8372 | D:6      | Identified a scroll of acquirement
  8372 | D:6      | Acquired the ring of Pufyetul {+Blink rPois rC+ Int+2
                  | Dex+6}
  8457 | D:7      | Found a runed translucent gate.
  8457 | D:7      | Found a runed translucent gate.
  8457 | D:7      | Found a runed translucent gate.
  8462 | D:7      | Noticed ShellytheWitch's ghost (novice MiBe)
  8462 | D:7      | Noticed Wiggles's ghost (novice MiBe)
  8463 | D:7      | Noticed spardeous's ghost (novice FeEE)
  9325 | D:8      | Found a snail-covered altar of Cheibriados.
  9325 | D:8      | Found an ancient bone altar of Kikubaaqudgha.
  9325 | D:8      | Found a sacrificial altar of Ru.
  9361 | D:8      | Identified the +5 spear of Intuition {freeze, Str-5 Dex+8}
  9387 | D:7      | Reached skill level 5 in Spellcasting
  9970 | D:7      | Learned a level 4 spell: Fulminant Prism
  9975 | D:7      | Learned a level 4 spell: Iskenderun's Mystic Blast
 10035 | D:8      | Reached skill level 1 in Translocations
 10137 | D:8      | Found a glowing silver altar of Zin.
 10313 | D:9      | Reached skill level 1 in Conjurations
 10539 | D:8      | Found an iron altar of Okawaru.
 10740 | D:8      | Found a staircase to the Lair.
 10936 | D:8      | Bought Maxwell's Memoranda for 494 gold pieces
 10942 | D:8      | Learned a level 5 spell: Arcjolt
 11041 | D:9      | Reached skill level 1 in Air Magic
 11464 | D:9      | Slain by a warg
 11465 | D:9      | Reached XP level 9. HP: 0/43 MP: 18/18
 11475 | D:9      | Noticed a moth of wrath
 11478 | D:9      | Found a bloodstained altar of Trog.
 11553 | D:9      | Found a runed translucent gate.
 11554 | D:9      | Found a runed translucent gate.
 11554 | D:9      | Found a runed translucent gate.
 11554 | D:9      | Noticed a nine-headed hydra
 11554 | D:9      | Noticed javelincjr's ghost (novice DsFi)
 12029 | D:9      | Reached XP level 10. HP: 44/47 MP: 11/19
 12114 | D:9      | Found a staircase to the Orcish Mines.
 12709 | D:10     | Entered Level 10 of the Dungeon
 12709 | D:10     | Noticed Harold
 12721 | D:9      | Killed Harold
 12923 | D:10     | Noticed a seven-headed hydra
 13478 | D:8      | Bought a book of the Sky for 572 gold pieces
 14335 | Lair:1   | Entered Level 1 of the Lair of Beasts
 14363 | Lair:1   | Noticed a catoblepas
 14568 | Lair:1   | Noticed a death yak
 14571 | Lair:1   | Noticed a torpor snail
 14614 | Lair:1   | Noticed a cane toad
 14738 | Lair:1   | Mangled by a death yak
 14739 | Lair:1   | Reached XP level 9. HP: -7/43 MP: 15/18
 14944 | D:8      | Killed a torpor snail
 15154 | D:8      | Mangled by a death yak

Illustrated notes

Levels and vault maps discovered:
D:1:      heliophobic_arrival_henge, layout_loops_ring,
          dreamdust_ecumenical_altar_grove, item_on_display_a
D:2:      layout_basic, uniq_sigmund
D:3:      layout_basic, gammafunk_temple_overflow_statue, ebering_ghost_gozag,
          gup_sewer_entry_glass, grunt_decor_fettered
D:4:      layout_cave_pools
D:5:      lemuel_insect_pit, layout_rooms, chequers_serial_rivers_micro_c,
          uniq_blork_the_orc
D:6:      layout_layer_cave, old_standard_altar,
          minmay_temple_entry_enclosed_plants, kennysheep_generic_room_10,
          uniq_prince_ribbit1
D:7:      layout_loops_ring, mainiacjoe_overflow_alcove_1,
          gammafunk_ghost_cemetery
D:8:      layout_rooms, mainiacjoe_overflow_large_starburst,
          chequers_temple_overflow_statue_of_worship, lair_entry_dummy,
          special_room [special_room_orc]
D:9:      layout_loops_ring, tgw_trog, erik_orc_4, gammafunk_ghost_hydra_chop
D:10:     cheibrodos_elevator_heist, layout_loops_ring,
          nicolae_qazlal_scattered_showers, evilmike_butchery, uniq_harold,
          uniq_erica
Temple:   hellmonk_temple_divided_pantheon
Lair:1:   layout_regular_city, infiniplex_staircase_pool

Skill      XL: |  1  2  3  4  5  6  7  8  9 10 |
---------------+-------------------------------+-----
Dodging        | 3 4 5 6 8 9 |  9.3
Stealth        | 7 8 9 10 11 | 11.6
Fighting       | 4 5 6 7 |  7.4
Unarmed Combat | 3 4 5 6 7 |  7.1
Spellcasting   | 4 5 |  5.3
Hexes          | 6 |  6.8
Translocations | 4 |  4.2
Conjurations   | 3 4 |  4.4
Air Magic      | 3 4 |  4.9

Action                     |  1- 3 |  4- 6 |  7- 9 | 10-12 || total
---------------------------+-------+-------+-------+-------++-------
  Melee: Unarmed           |   106 |   177 |   457 |   328 ||  1068
         Bite              |     8 |    22 |    71 |    50 ||   151
         Punch             |     1 |     6 |    24 |    20 ||    51
   Cast: Tukima's Dance    |       |       |    55 |    37 ||    92
         Fulminant Prism   |       |       |    10 |    32 ||    42
         Iskenderun's Myst |       |       |     7 |     5 ||    12
         Arcjolt           |       |       |       |     1 ||     1
 Invoke: Call Merchant     |       |       |       |     1 ||     1
  Evoke: Wand              |     1 |       |    30 |     3 ||    34
    Use: Scroll            |     2 |     8 |    13 |     7 ||    30
         Potion            |       |     5 |    10 |     1 ||    16
   Stab: Sleeping          |     9 |    21 |    10 |     5 ||    45
         Distracted        |       |       |     2 |     3 ||     5
 Armour: Skin              |     3 |    12 |    16 |     8 ||    39
  Dodge: Dodged            |    79 |   135 |   361 |   267 ||   842
